 Dungeon Crawl Stone Soup version 0.29.1-4-g47bece8355 (webtiles) character file.

Game seed: 13654377055840430929

499 Linkola the Slasher (level 6, 0/56 HPs)
             Began as a Minotaur Fighter on Dec 11, 2022.
             Slain by Pikel
             ... wielding a +2 whip of flaming
              (2 damage)
             ... on level 4 of the Dungeon.
             The game lasted 00:08:26 (2921 turns).

Linkola the Slasher (Minotaur Fighter)              Turns: 2921, Time: 00:08:27

Health: 0/56       AC:  9    Str: 20 (23) XL:     6   Next: 94%
Magic:  5/5        EV:  9    Int:  4 (5)  God:
Gold:   387        SH:  0    Dex:  6 (9)  Spells: 5/5 levels left

rFire   . . .      SeeInvis .   a - +1 long sword (vamp)
rCold   . . .      Faith    .   c - +0 buckler
rNeg    . . .      Spirit   .   b - +1 scale mail
rPois   .          Reflect  +   (helmet restricted)
rElec   .          Harm     .   (no cloak)
rCorr   .          Rampage  .   (no gloves)
Will    .....      Clarity  +   (no boots)
Stlth   ..........              k - amulet of reflection
HPRegen 0.18/turn               (no ring)
MPRegen 0.09/turn               (no ring)

@: confused, ambrosia-drunk, studying Ranged Weapons
A: horns 2, retaliatory headbutt, clarity, shaggy fur 1, wild magic 1
a: no special abilities


You were on level 4 of the Dungeon.
You visited 1 branch of the dungeon, and saw 4 of its levels.

You collected 387 gold pieces.

Inventory:

Hand Weapons
 a - a +1 vampiric long sword (weapon)
Missiles
 h - 23 stones (quivered)
 m - 4 poisoned darts
Armour
 b - a +1 scale mail (worn)
 c - a +0 buckler (worn)
Jewellery
 k - an amulet of reflection (around neck)
 q - a ring of ice
Wands
 n - a wand of flame (8)
 p - a wand of mindburst (10)
Scrolls
 e - a scroll of teleportation
Potions
 d - 3 potions of might
 f - a potion of heal wounds
 i - a potion of haste
 j - a potion of curing


   Skills:
 + Level 5.0 Fighting
 + Level 5.6 Long Blades
 * Level 2.7 Throwing
 + Level 5.3 Armour
 + Level 1.1 Dodging
 + Level 4.5 Shields


You had 5 spell levels left.
You didn't know any spells.
Your spell library contained the following spells:

 Spells                   Type           Power      Damage    Failure   Level
 Slow                     Hex            0%         N/A       93%         1
 Static Discharge         Conj/Air       0%         3-3/arc   98%         2
 Confusing Touch          Hex            0%         N/A       100%        3
 Dazzling Flash           Conj/Hex       0%         N/A       100%        3
 Ozocubu's Armour         Ice            0%         N/A       100%        3
 Vampiric Draining        Necr           0%         2d6       100%        3
 Dispel Undead            Necr           0%         3d6       100%        4
 Iskenderun's Mystic Bla  Conj/Tloc      0%         2d3       100%        4
 Sticky Flame             Conj/Fire      0%         2d3       100%        4
 Metabolic Englaciation   Hex/Ice        0%         N/A       100%        5
 Simulacrum               Ice/Necr       0%         N/A       100%        6
 Starburst                Conj/Fire      0%         6d3       100%        6


Dungeon Overview and Level Annotations

Branches:
Dungeon (4/15)
 Temple: D:4-7

Altars:
Okawaru
Ru

Shops:
D:2 !   D:3 [

Annotations:
D:4 Pikel


Innate Abilities, Weirdness & Mutations

You have a pair of horns on your head.
You reflexively headbutt those who attack you in melee.
You possess an exceptional clarity of mind.
You are covered in fur. (AC +1)
Your spells are a little harder to cast, but a little more powerful.


Message History

You hit Pikel.
You feel better.
Your headbutt misses Pikel.
Pikel is heavily wounded.
Pikel hits you but does no damage.
You hit Pikel but do no damage.
Pikel is heavily wounded.
You block Pikel's attack. x2
You hit Pikel but do no damage. Your headbutt misses Pikel.
Pikel is heavily wounded.
Pikel hits you with a +2 whip of flaming!
* * * LOW HITPOINT WARNING * * *
Pikel burns you.
* * * LOW HITPOINT WARNING * * *
You block Pikel's attack.
You are confused.
You feel invigorated.
Pikel hits you with a +2 whip of flaming.
* * * LOW HITPOINT WARNING * * *
Pikel burns you.
* * * LOW HITPOINT WARNING * * *
Pikel completely misses you.
You bump into the rock wall.
Pikel hits you with a +2 whip of flaming.
* * * LOW HITPOINT WARNING * * *
Pikel burns you.
* * * LOW HITPOINT WARNING * * *
You bump into the rock wall.
Pikel barely misses you.
Pikel hits you with a +2 whip of flaming.
* * * LOW HITPOINT WARNING * * *
Pikel burns you.
* * * LOW HITPOINT WARNING * * *
You bump into the rock wall.
Pikel hits you with a +2 whip of flaming!
* * * LOW HITPOINT WARNING * * *
Pikel burns you.
* * * LOW HITPOINT WARNING * * *
You're too confused to move!
Pikel hits you with a +2 whip of flaming.
* * * LOW HITPOINT WARNING * * *
Pikel burns you.
You die...

.....# ## .....#
..# ...### #.#
#### #5# #5# ###
#5# ..####
######5#
#....#######....K#
####............@#
# ###...#######.#
.# ##..## #..# .#
#...# #..#######
..# ##..#
###........# ..#
#..#######.####.#
..#
#...######.####.#
..#
##..######.####.#
..
#...#####.####.#


You could see Pikel (berserk) and 4 lemures.

Vanquished Creatures
  Grinder (D:4)
  Sigmund (D:3)
  Ijyb (D:4)
  4 adders
  3 worms
  3 dart slugs
  4 orcs (D:4)
  3 ball pythons
  6 endoplasms
  4 giant cockroaches (D:1)
  5 goblins
  5 hobgoblins
  4 jackals (D:1)
  3 kobolds
  3 quokkas
  6 bats
  A frilled lizard (D:2)
  2 rats (D:1)
59 creatures vanquished.

Notes
Turn   | Place    | Note
-------+----------+-------------------------------------------
     0 | D:1      | Linkola the Minotaur Fighter began the quest for the Orb.
     0 | D:1      | Reached XP level 1. HP: 19/19 MP: 0/0
    86 | D:1      | Reached XP level 2. HP: 19/27 MP: 1/1
   352 | D:1      | Reached XP level 3. HP: 26/33 MP: 2/2
   747 | D:2      | Found Jys Boin's Distillery.
  1019 | D:2      | Reached skill level 1 in Throwing
  1026 | D:2      | Gained mutation: You are robust. (+10% HP) [potion of
                  | mutation]
  1027 | D:2      | Lost mutation: You are robust. (+10% HP) [potion of
                  | mutation]
  1027 | D:2      | Gained mutation: You are covered in fur. (AC +1) [potion of
                  | mutation]
  1027 | D:2      | Gained mutation: Your spells are a little harder to cast,
                  | but a little more powerful. [potion of mutation]
  1027 | D:2      | Gained mutation: You possess an exceptional clarity of
                  | mind. [potion of mutation]
  1358 | D:2      | Found a faded altar of an unknown god.
  1743 | D:3      | Found Nesefah's Armour Boutique.
  1752 | D:3      | Reached XP level 4. HP: 39/40 MP: 3/3
  1885 | D:3      | Noticed Sigmund
  1896 | D:3      | Killed Sigmund
  1897 | D:3      | Reached XP level 5. HP: 43/47 MP: 4/4
  2198 | D:4      | Reached skill level 5 in Armour
  2238 | D:4      | Noticed Grinder
  2242 | D:4      | Reached XP level 6. HP: 53/53 MP: 5/5
  2245 | D:4      | Paralysed by Grinder for 5 turns
  2252 | D:4      | Killed Grinder
  2253 | D:4      | Reached skill level 5 in Long Blades
  2253 | D:4      | Reached skill level 1 in Dodging
  2446 | D:4      | Noticed Ijyb
  2457 | D:4      | Killed Ijyb
  2469 | D:4      | Found an iron altar of Okawaru.
  2545 | D:4      | Reached skill level 5 in Fighting
  2657 | D:4      | Found a sacrificial altar of Ru.
  2905 | D:4      | Noticed Pikel
  2920 | D:4      | HP: 2/56 [Pikel/+2 whip of flaming (2)]
  2921 | D:4      | Slain by Pikel

Illustrated notes

Levels and vault maps discovered:
D:1:      matt_arrival_refuge, layout_rooms
D:2:      layout_basic, chequers_ecumenical_altar_island, serial_shops,
          shop_coins, nicolae_figureground_sparkle
D:3:      layout_basic, serial_shops, shop_coins, uniq_sigmund
D:4:      layout_cave_pods, mainiacjoe_overflow_small_starburst,
          mainiacjoe_overflow_cross_hatched, reono_crystal_passage, uniq_pikel,
          uniq_ijyb, uniq_grinder

Skill      XL: |  1  2  3  4  5  6 |
---------------+-------------------+-----
Fighting       | 4 5 |  5.0
Armour         | 4 5 |  5.3
Long Blades    | 3 4 5 |  5.6
Throwing       | 1 2 |  2.7
Shields        | 4 |  4.5
Dodging        | 1 |  1.1

Action                   |  1- 3 |  4- 6 || total
-------------------------+-------+-------++-------
Melee: Long sword        |    86 |    62 ||   148
       Headbutt          |     7 |     8 ||    15
Throw: Stone             |    15 |     4 ||    19
  Use: Scroll            |    10 |     4 ||    14
       Potion            |     2 |     3 ||     5
Armor: Scale mail        |    45 |    16 ||    61
Dodge: Dodged            |    56 |    24 ||    80
Block: Buckler           |    29 |    20 ||    49
       Reflection        |       |     1 ||     1
